 Dungeon Crawl Stone Soup version 0.28-a0-503-g83f2989fac (webtiles) character file.

Game seed: 15833928436071389565

0 meatgazer the Skirmisher (level 1, -8/18 HPs)
             Began as a Demonspawn Abyssal Knight on Sept 20, 2021.
             Was a Follower of Lugonu.
             Mangled by a harpy (shapeshifter) (12 damage)
             ... on level 2 of the Abyss.
             The game lasted 00:00:40 (124 turns).

meatgazer the Skirmisher (Demonspawn Abyssal Knight) Turns: 124, Time: 00:00:41

Health: -8/18      AC:  3    Str: 11    XL:     1   Next: 0%
Magic:  2/2        EV: 11    Int: 11    God:    Lugonu [*.....]
Gold:   0          SH:  0    Dex: 13    Spells: 0/0 levels left

rFire   . . .      SeeInvis .   a - +1 spear
rCold   . . .      Faith    .   (no shield)
rNeg    . . .      Spirit   .   b - +0 leather armour
rPois   .          Reflect  .   (no helmet)
rElec   .          Harm     .   (no cloak)
rCorr   .          Rampage  .   (no gloves)
Will    .....                   (no boots)
Stlth   +.........              (no amulet)
HPRegen 0.06/turn               (no ring)
MPRegen 0.08/turn               (no ring)

@: no status effects
A: weak 1
a: Renounce Religion, Depart the Abyss


You were on level 2 of the Abyss.
You worshipped Lugonu.
Lugonu was aware of your devotion.
You visited 0 branches of the dungeon, and saw 0 of its levels.
You visited the Abyss 1 time.

Inventory:

Hand Weapons
 a - a +1 spear (weapon)
Armour
 b - a +0 leather armour (worn)
Potions
 c - a potion of brilliance {unknown}


   Skills:
 + Level 3.0 Fighting
 + Level 1.7 Polearms
 + Level 1.7 Armour
 + Level 0.8 Dodging
 + Level 2.4 Invocations


You couldn't memorise any spells.
You didn't know any spells.
Your spell library was empty.

Dungeon Overview and Level Annotations

Branches:
Dungeon (0/15)

Altars:


Innate Abilities, Weirdness & Mutations

You are weak. (Str -2)


Message History

Lugonu says: Depart the Abyss and spread corruption, my servant! (use the ability menu to exit the Abyss) Press ? for a list of commands and other information.
Found a corrupted altar of Lugonu.
Found a gateway leading deeper into the Abyss.
There is a gateway leading deeper into the Abyss here.
You plunge deeper into the Abyss.
A smoke demon comes into view.
Found a gateway leading out of the Abyss.
Found a scroll labelled TUESATEPTA.
There is a gateway leading out of the Abyss here.
You are suddenly pulled into a different region of the Abyss!
Found a plate armour.
Found a gateway leading out of the Abyss.
A starcursed mass comes into view.
There is a gateway leading out of the Abyss here.
A starcursed mass is nearby!
Found a bubbling black potion.
c - a bubbling black potion The neqoxec shouts!
The neqoxec gestures at you.
Strange energies course through your body.
You feel weaker.
Found a bubbling green potion.
A tentacled starspawn comes into view.
Tentacles burst from the starspawn's body! 2 starspawn tentacles come into view.
You hit the starspawn tentacle but do no damage.
Tentacles burst from the starspawn's body! 2 starspawn tentacles come into view.
The starspawn tentacle grabs you. The starspawn tentacle constricts you.
You escape the starspawn tentacle's grasp.
The cane toad changes into a harpy!
Tentacles burst from the starspawn's body! 2 starspawn tentacles come into view.
The harpy claws you!
Ouch! That really hurt!
* * * LOW HITPOINT WARNING * * *
The harpy claws you!
Ouch! That really hurt!
You die...

#######...###.
#.##X─.. ..
#.#.#>>#....#
###./w#..# #§
#.##.w#.##.#
.§.........#
#..........#.##
#...#H.#....#
#...##@.§##.#.
##..#..### #
##...## ..#..
#. #.. #. ... #
..## ###


You could see a tentacled starspawn, a harpy shaped shifter and 2 starspawn
tentacles.

Vanquished Creatures (others)
  4 starspawn tentacles (Abyss:2)
4 creatures vanquished.

Notes
Turn   | Place    | Note
-------+----------+-------------------------------------------
     0 | Abyss:1  | meatgazer the Demonspawn Abyssal Knight began the quest for
                  | the Orb.
     0 | Abyss:1  | Reached XP level 1. HP: 18/18 MP: 2/2
    38 | Abyss:2  | Noticed a smoke demon
    56 | Abyss:2  | Noticed a starcursed mass
    82 | Abyss:2  | Noticed a neqoxec
   101 | Abyss:2  | Gained mutation: You are weak. (Str -2) [a neqoxec]
   109 | Abyss:2  | Noticed a tentacled starspawn
   119 | Abyss:2  | Noticed a cane toad
   119 | Abyss:2  | a shapeshifter changed into a cane toad
   122 | Abyss:2  | Noticed a harpy
   122 | Abyss:2  | a cane toad changed into a harpy
   124 | Abyss:2  | Mangled by a harpy (shapeshifter)

Illustrated notes

Levels and vault maps discovered:
Abyss:2:  base: Temple, base: Temple, evilmike_abyss_exit_17, minivault_22

Action                   || total
-------------------------++-------
Melee: Spear             ||     1

Table legend: (Time is in decaauts)
 A = Elapsed time spent in this place.
 B = Non-inter-level travel time spent in this place.
 C = Inter-level travel time spent in this place.
 D = Time resting spent in this place.
 E = Time spent auto-exploring this place.
 F = Levels seen in this place.
 G = Mean time per level.
                   A        B        C        D        E       F      G
               +--------+--------+--------+--------+--------+-----+--------+
         Total |    123 |    123 |      0 |      0 |     33 |   2 |   61.5 |
         Abyss |    123 |    123 |      0 |      0 |     33 |   2 |   61.5 |
               +--------+--------+--------+--------+--------+-----+--------+

Top non-repeatable levels by time:
 Abyss:2: 106 daAuts
 Abyss:1: 17 daAuts
